 Dungeon Crawl Stone Soup version 0.30.1-3-gfc49f6343a (webtiles) character file.

Game seed: 8679326781415547601

3498 shmup the Arsonist (level 10, -10/51 HPs)
             Began as a Tengu Fire Elementalist on July 31, 2023.
             Was a Believer of Vehumet.
             Shot with a sling bullet by Joseph (16 damage)
             ... on level 7 of the Dungeon on Aug 1, 2023.
             The game lasted 00:26:29 (9250 turns).

shmup the Arsonist (Tengu Fire Elementalist)        Turns: 9250, Time: 00:26:29

Health: -10/51     AC:  4    Str:  8    XL:     10   Next: 7%
Magic:  4/14       EV: 15    Int: 25    God:    Vehumet [**....]
Gold:   269        SH:  0    Dex: 16    Spells: 0/13 levels left

rFire   . . .        E - +2 glaive (protect)
rCold   . . .        (shield currently unavailable)
rNeg    + . .        H - +2 robe {rN+}
rPois   .            (helmet restricted)
rElec   .            (no cloak)
rCorr   .            (no gloves)
SInv    .            (boots unavailable)
Will    .....        s - amulet of regeneration
Stlth   ++           m - +6 ring of intelligence
HPRegen 1.08/turn    D - ring of wizardry
MPRegen 0.14/turn

%: wizardry (x1)
@: flying quickly and evasively, studying Throwing, quick
A: beak, talons 3, nimble flight
a: Renounce Religion


You were on level 7 of the Dungeon.
You worshipped Vehumet.
Vehumet was pleased with you.
You visited 2 branches of the dungeon, and saw 8 of its levels.

You collected 269 gold pieces.

Inventory:

Hand Weapons
 i - a +0 short sword
 x - a +0 dagger of venom
 z - a +4 dagger of draining
 E - a +2 glaive of protection (weapon)
 G - a +2 whip of electrocution
 J - a +5 scimitar
 K - the +5 woodcutter's axe
   (You took it off a gnoll on level 7 of the Dungeon)
 L - a +4 morningstar of freezing
 M - a +4 short sword of freezing
Missiles
 c - 5 poisoned darts (quivered)
 e - a stone
 q - 3 boomerangs
 w - 2 throwing nets
 y - 3 javelins
Armour
 a - a +0 robe
 A - an orb of wrath
 H - a +2 robe of positive energy (worn)
Jewellery
 m - a +6 ring of intelligence (left hand)
 s - an amulet of regeneration (around neck)
 D - a ring of wizardry (right hand)
Wands
 C - a wand of iceblast (4)
 I - a wand of mindburst (17)
Scrolls
 g - 3 scrolls of blinking
 h - a scroll of magic mapping {unknown}
 j - a scroll of enchant armour {unknown}
 k - a scroll of fear
 l - a scroll of silence
 o - a scroll of teleportation
 B - a scroll of poison {unknown}
Potions
 b - a potion of magic
 d - 5 potions of curing
 f - 2 potions of mutation
 n - a potion of haste {unknown}
 p - 5 potions of heal wounds
 r - a potion of might {unknown}
 t - a potion of cancellation {unknown}
 u - 2 potions of flight
 v - 3 potions of degeneration
 F - a potion of brilliance {unknown}


   Skills:
 + Level 0.8 Fighting
 + Level 2.5 Dodging
 - Level 2.0 Stealth
 - Level 2.0 Spellcasting
 + Level 10.5 Conjurations
 + Level 0.5 Hexes
 * Level 12.7 Fire Magic


You couldn't memorise any spells.
You knew the following spells:

 Your Spells              Type           Power      Damage    Failure   Level
a - Foxfire               Conj/Fire      100%       2x1d9     1%          1
b - Scorch                Fire           100%       2d9       1%          2
c - Inner Flame           Hex/Fire       35%        N/A       1%          3
d - Tukima's Dance        Hex            5%         N/A       11%         3
w - Flame Wave            Conj/Fire      57%        2d14      1%          4

Your spell library contained the following spells:

 Spells                   Type           Power      Damage    Failure   Level
 Sandblast                Erth           4%         2d4       4%          1
 Volatile Blastmotes      Fire/Tloc      68%        2d15      1%          3
 Portal Projectile        Hex/Tloc       6%         N/A       12%         3
 Alistair's Intoxication  Tmut/Pois      1%         N/A       73%         5
 Blade Hands              Tmut           1%         N/A       73%         5
 Borgnjor's Vile Clutch   Necr/Erth      1%         N/A       73%         5
 Eringya's Noxious Bog    Tmut/Pois      1%         N/A       99%         6


Dungeon Overview and Level Annotations

Branches:
Dungeon (7/15) Zot: 25049  Temple (1/1) D:4 Zot: 5894

Altars:
Ashenzari
Cheibriados
Dithmenos
Elyvilon
Fedhas
Gozag
Hepliaklqana
Kikubaaqudgha
Makhleb
Okawaru
Ru
Sif Muna
Trog
Uskayaw
Vehumet
Wu Jian
Xom
Yredelemnul
Zin
The Shining One

Shops:
D:3 :   D:7 (

Annotations:
D:5 2 transporters, bronco's ghost, amateur FeTm
D:7 Joseph


Innate Abilities, Weirdness & Mutations

You have a beak for a mouth.
You have claws for feet.
Your magical nature lets you fly swiftly and evasively.


Message History

Joseph is nearby!
Press: ? - help, v - describe, . - travel
Here: Joseph, wielding a +0 quarterstaff and wearing a +0 leather armour The floor.
Casting: Scorch (safe; 1% risk of failure)
Confirm with . or Enter, or press ? or * to list all spells.
Okay, then.
Casting: Scorch (safe; 1% risk of failure)
Confirm with . or Enter, or press ? or * to list all spells.
Flames lash Joseph.
Joseph is lightly wounded.
Joseph's fire resistance burns away.
Joseph unwields a +0 quarterstaff.
Joseph wields a +2 heavy sling.
Joseph shoots a sling bullet.
The sling bullet hits you!!
Ouch! That really hurt!
* * * LOW HITPOINT WARNING * * *
Casting: Scorch (safe; 1% risk of failure)
Confirm with . or Enter, or press ? or * to list all spells.
Flames lash Joseph.
Joseph is burned terribly!
Joseph is lightly wounded.
Unknown command.
Casting: Scorch (safe; 1% risk of failure)
Confirm with . or Enter, or press ? or * to list all spells.
Flames lash Joseph.
Joseph is burned terribly!
Joseph is moderately wounded.
Joseph grins evilly.
Unknown command.
Casting: Scorch (safe; 1% risk of failure)
Confirm with . or Enter, or press ? or * to list all spells.
Flames lash Joseph.
Joseph is burned terribly!
Joseph is heavily wounded.
Joseph shoots a sling bullet.
The sling bullet hits you!!
* * * LOW HITPOINT WARNING * * *
Unknown command.
Casting: Scorch (safe; 1% risk of failure)
Confirm with . or Enter, or press ? or * to list all spells.
Flames lash Joseph.
Joseph is burned terribly!
Joseph is heavily wounded.
Joseph shoots a sling bullet.
The sling bullet hits you!
You die...

...▒ ▒▒.........▒ ▒▒▒▒▒▒
▒..▒▒..........▒ ▒....▒▒▒▒
▒.....)))...... ▒.......▒▒▒
▒▒▒.....)...... ..........▒▒
▒............ ......(....▒▒▒
▒............ .............▒▒
▒............
.....@........▒▒▒▒▒............
..............▒▒Q..............
..............@..▒▒▒...........
............▒▒▒▒▒▒ ▒.▒........
...........▒▒ ▒..▒......
▒.▒▒.▒▒▒▒▒▒▒ ▒▒.▒▒▒▒▒▒ ▒▒ ▒▒ ▒▒


You could see Joseph (combustible).

Vanquished Creatures
  Pikel (D:7)
  Maggie (D:7)
  Prince Ribbit (D:7)
  Eustachio (D:5)
  A steam dragon (D:7)
  A water moccasin (D:6)
  A sky beast (D:7)
  2 ice beasts
  A black bear (D:7)
  An ogre (D:4)
  A centaur (D:5)
  3 lemures (D:7)
  A phantom (D:6)
  A kobold brigand (D:4)
  Blork the orc (D:6)
  3 gnoll sergeants (D:7)
  5 scorpions
  4 wights (D:7)
  A jelly (D:5)
  A hound (D:6)
  3 gnoll boudas (D:7)
  4 orc priests
  4 iguanas
  5 orc wizards
  4 adders
  13 gnolls
  A shadow imp (D:7)
  A white imp (D:5)
  2 ufetubi (D:5)
  A worm (D:2)
  13 orcs
  5 endoplasms
  13 giant cockroaches
  2 goblins (D:1)
  10 hobgoblins
  11 jackals
  7 kobolds
  6 quokkas
  3 ball pythons
  9 bats
  3 frilled lizards
  2 rats (D:1)
154 creatures vanquished.

Vanquished Creatures (others)
  199 foxfires
199 creatures vanquished.

Grand Total: 353 creatures vanquished

Notes
Turn   | Place    | Note
-------+----------+-------------------------------------------
     0 | D:1      | shmup the Tengu Fire Elementalist began the quest for the
                  | Orb.
     0 | D:1      | Reached XP level 1. HP: 10/10 MP: 4/4
   185 | D:1      | Reached XP level 2. HP: 15/15 MP: 0/6
   188 | D:1      | Learned a level 2 spell: Scorch
   445 | D:1      | Reached skill level 4 in Fire Magic
   525 | D:1      | Reached XP level 3. HP: 19/19 MP: 5/7
  1312 | D:2      | Reached XP level 4. HP: 24/24 MP: 3/8
  1561 | D:2      | Reached skill level 5 in Fire Magic
  2187 | D:3      | Found a shimmering altar of Xom.
  2187 | D:3      | Found a shadowy altar of Dithmenos.
  2324 | D:3      | Found Sykyblogg's Book Shop.
  3198 | D:4      | Gained mutation: Your magical nature lets you fly swiftly
                  | and evasively. [Tengu growth]
  3198 | D:4      | Reached XP level 5. HP: 28/28 MP: 4/9
  3550 | D:4      | Noticed a kobold brigand
  3562 | D:4      | Killed a kobold brigand
  3563 | D:4      | Reached skill level 6 in Fire Magic
  3563 | D:4      | Reached XP level 6. HP: 19/32 MP: 2/10
  3632 | D:4      | Found a staircase to the Ecumenical Temple.
  3670 | Temple   | Entered the Ecumenical Temple
  3771 | Temple   | Became a worshipper of Vehumet
  4175 | D:4      | Reached skill level 5 in Conjurations
  4358 | D:4      | Reached skill level 7 in Fire Magic
  4358 | D:4      | Reached XP level 7. HP: 36/36 MP: 5/11
  4640 | D:5      | Entered Level 5 of the Dungeon
  5032 | D:5      | Found a transporter.
  5036 | D:5      | Found a transporter.
  5037 | D:5      | Noticed bronco's ghost (amateur FeTm)
  5059 | D:5      | Noticed Eustachio
  5073 | D:5      | Reached skill level 8 in Fire Magic
  5212 | D:5      | Killed Eustachio
  5213 | D:5      | Reached XP level 8. HP: 41/41 MP: 4/12
  5525 | D:5      | Found an opulent altar of Gozag.
  5626 | D:5      | Reached skill level 9 in Fire Magic
  5807 | D:5      | Reached * piety under Vehumet
  5807 | D:5      | Offered knowledge of Kiss of Death by Vehumet.
  6161 | D:5      | Found a blossoming altar of Fedhas.
  6594 | D:6      | Reached skill level 10 in Fire Magic
  6964 | D:6      | Noticed Blork the orc
  6997 | D:6      | Killed Blork the orc
  7076 | D:6      | Found a shimmering blue altar of Sif Muna.
  7303 | D:7      | Learned a level 3 spell: Inner Flame
  7308 | D:7      | Learned a level 4 spell: Flame Wave
  7474 | D:7      | Reached XP level 9. HP: 40/45 MP: 2/13
  7616 | D:7      | Noticed Maggie
  7630 | D:7      | Killed Maggie
  7631 | D:7      | Reached skill level 11 in Fire Magic
  7665 | D:7      | Noticed Prince Ribbit
  7742 | D:7      | Killed Prince Ribbit
  7742 | D:7      | Noticed Pikel
  7986 | D:7      | Killed Pikel
  8270 | D:7      | Reached skill level 12 in Fire Magic
  8455 | D:7      | Reached skill level 10 in Conjurations
  8682 | D:7      | Reached ** piety under Vehumet
  8713 | D:7      | Offered knowledge of Sandblast by Vehumet.
  8725 | D:7      | Reached XP level 10. HP: 50/50 MP: 0/14
  8737 | D:7      | Learned a level 3 spell: Tukima's Dance
  8882 | D:7      | Found Cistreto's Weapon Shop.
  9227 | D:7      | Noticed Joseph
  9250 | D:7      | Shot with a sling bullet by Joseph

Illustrated notes

Levels and vault maps discovered:
D:1:      minmay_arrival_diagonal_passages, layout_basic, feat_on_display
D:2:      minmay_roachtagon, layout_rooms
D:3:      layout_basic, gammafunk_temple_overflow_pools, serial_shops,
          nicolae_shop_peninsula
D:4:      layout_basic, minmay_temple_entry_wispy, kennysheep_nondescript,
          minmay_manual_mess
D:5:      layout_loops_ring, mainiacjoe_overflow_swirl, gammafunk_ghost_hive,
          uniq_eustachio
D:6:      layout_loops_ring, tgw_sif
D:7:      cheibrodos_shockbox, layout_cave_pods, serial_shops,
          nicolae_shop_trees, grunt_decor_mini_mirrors,
          pf_guarded_unrand_woodcutter, uniq_maggie, uniq_prince_ribbit1,
          uniq_joseph, uniq_pikel
Temple:   nicolae_temple_superstar

Skill      XL: |  1  2  3  4  5  6  7  8  9 |
---------------+----------------------------+-----
Conjurations   | 2 3 4 5 6 8 10 | 10.5
Fire Magic     | 4 5 6 7 8 10 12 | 12.7
Fighting       | |  0.8
Dodging        | |  2.5
Stealth        | |  2.0
Spellcasting   | |  2.0
Hexes          | |  0.5

Action                     |  1- 3 |  4- 6 |  7- 9 | 10-12 || total
---------------------------+-------+-------+-------+-------++-------
  Melee: Unarmed           |    23 |       |       |       ||    23
         Kick              |     7 |     2 |    12 |       ||    21
         Peck              |     2 |     1 |     7 |       ||    10
         Short sword       |       |     3 |    23 |       ||    26
         Dagger            |       |       |     2 |       ||     2
         Glaive            |       |       |    22 |     1 ||    23
  Throw: Dart              |       |       |     2 |       ||     2
   Cast: Foxfire           |    36 |    34 |    50 |     7 ||   127
         Scorch            |    18 |    34 |   106 |    13 ||   171
         Inner Flame       |       |       |     3 |       ||     3
         Flame Wave        |       |       |     1 |     1 ||     2
    Use: Scroll            |       |     2 |     6 |       ||     8
         Potion            |       |     1 |       |       ||     1
 Armour: Robe              |    16 |     5 |    12 |     1 ||    34
  Dodge: Dodged            |    46 |    10 |    91 |     3 ||   150
